 Dungeon Crawl Stone Soup version 0.30-a0-1163-gf69bf04e7a (webtiles) character file.

Game seed: 13768011986931457519

180727 Demosthentine the Warrior (level 17, -10/130 HPs)
             Began as a Demonspawn Gladiator on Apr 28, 2023.
             Was the Champion of Hepliaklqana.
             Mangled by a naga warrior
             ... wielding a +0 halberd
              (40 damage)
             ... on level 4 of the Snake Pit.
             The game lasted 00:43:34 (29134 turns).

Demosthentine the Warrior (Demonspawn Gladiator)   Turns: 29134, Time: 00:43:34

Health: -10/130    AC: 17    Str: 18    XL:     17   Next: 65%
Magic:  10/27      EV: 20    Int:  7    God:    Hepliaklqana [******]
Gold:   1533       SH:  8    Dex: 22    Spells: 16/16 levels left

rFire   + . .        y - +4 trident (vamp)
rCold   + + +        b - +0 buckler
rNeg    + + +        S - +0 troll leather armour
rPois   +            (helmet unavailable)
rElec   +            v - +0 cloak {rCorr}
rCorr   +            O - +2 pair of gloves {infuse}
SInv    .            J - +3 pair of boots "Yseahy" {rF+ rN+++ Str-2 Int+2}
Will    ++...        V - amulet of Ashenzari, Writhing {rElec rC++ Regen+ Str+2 Int-4}
Stlth   ++           E - ring of Voelirul {rC+ Dex+2}
HPRegen 2.01/turn    m - ring of poison resistance
MPRegen 0.20/turn

%: infuse magic (1 MP)
@: about to teleport, constricted
A: reduced essence, horns 3, icy blue scales 2, ignite blood 3, torment
resistance 1, demonic willpower
a: Renounce Religion, Recall Ancestor, Ancestor Identity, Transference, Idealise


You were on level 4 of the Snake Pit.
You worshipped Hepliaklqana.
Hepliaklqana was exalted by your worship.
You visited 5 branches of the dungeon, and saw 27 of its levels.
You also visited: Sewer, Bailey, Ice Cave and Volcano.

You collected 3299 gold pieces.
You spent 1766 gold pieces at shops.

Inventory:

Hand Weapons
 a - a +1 spectral trident
 y - a +4 vampiric trident (weapon)
Missiles
 c - 3 silver javelins
 d - a throwing net (quivered)
 e - a javelin
 l - 8 curare-tipped darts
 p - 11 poisoned darts
 q - 2 silver boomerangs
 D - 54 boomerangs
Armour
 b - a +0 buckler (worn)
 i - the +2 shield of Resistance {rF++ rC++ Will++}
   (You found it on level 14 of the Dungeon)

   rF:        It greatly protects you from fire.
   rC:        It greatly protects you from cold.
   Will:      It greatly increases your willpower.
 v - a +0 cloak of preservation (worn)
 B - a +0 leather armour of fire resistance
 J - the +3 pair of boots "Yseahy" (worn) {rF+ rN+++ Str-2 Int+2}
   (You found it in a volcano)

   Str:       It affects your strength (-2).
   Int:       It affects your intelligence (+2).
   rF:        It protects you from fire.
   rN:        It renders you almost immune to negative energy.
 O - a +2 pair of gloves of infusion (worn)
 S - a +0 troll leather armour (worn)
Jewellery
 m - a ring of poison resistance (right hand)
 t - a ring of ice
 x - a ring of see invisible
 E - the ring of Voelirul (left hand) {rC+ Dex+2}
   (You found it in an ice cave)

   [ring of protection from cold]

   Dex:       It affects your dexterity (+2).
   rC:        It protects you from cold.
 Q - the dreamshard necklace {*Dream Drain}
   (You found it on level 5 of the Lair of Beasts)

   [amulet of nothing]

   *Dream:    It shatters if its wearer takes lethal or near-lethal damage,
   preventing the blow and releasing protective dreams that heal and fight for
   the wearer.
   Drain:     It drains your maximum health when unequipped.
 V - the amulet of Ashenzari, Writhing (around neck) {rElec rC++ Regen+ Str+2 Int-4}
   (You found it on level 13 of the Dungeon)

   [amulet of regeneration]

   Str:       It affects your strength (+2).
   Int:       It affects your intelligence (-4).
   rC:        It greatly protects you from cold.
   rElec:     It insulates you from electricity.
   Regen:     It increases your rate of health regeneration.
 W - a ring of flight
Wands
 F - a wand of paralysis (10)
 H - a wand of quicksilver (15)
 K - a wand of iceblast (4)
 L - a wand of flame (33)
 M - a wand of mindburst (28)
 P - a wand of digging (1)
Scrolls
 g - 6 scrolls of enchant weapon
 h - 9 scrolls of teleportation
 k - 3 scrolls of identify
 n - 4 scrolls of magic mapping
 o - 4 scrolls of fog
 s - a scroll of blinking
 w - 2 scrolls of enchant armour
 T - a scroll of fear
Potions
 f - 2 potions of might
 j - 13 potions of curing
 r - 4 potions of haste
 A - a potion of magic
 I - 5 potions of berserk rage
 R - 4 potions of cancellation
 U - 3 potions of invisibility


   Skills:
 + Level 16.3 Fighting
 + Level 15.2 Polearms
 - Level 1.7 Throwing
 - Level 6.4 Armour
 + Level 15.2 Dodging
 + Level 11.0 Shields
 - Level 14.1 Invocations


You had 16 spell levels left.
You didn't know any spells.
Your spell library contained the following spells:

 Spells                   Type           Power      Damage    Failure   Level
 Apportation              Tloc           0%         N/A       54%         1
 Beastly Appendage        Tmut           0%         N/A       54%         1
 Magic Dart               Conj           0%         1d3       54%         1
 Shock                    Conj/Air       0%         1d3       54%         1
 Cigotuvi's Dreadful Rot  Necr/Pois/Air  0%         N/A       67%         2
 Ensorcelled Hibernation  Hex/Ice        0%         N/A       67%         2
 Passwall                 Tmut/Erth      0%         N/A       67%         2
 Poisonous Vapours        Pois/Air       0%         N/A       67%         2
 Searing Ray              Conj           0%         2d4       67%         2
 Wereblood                Tmut           0%         N/A       67%         2
 Frozen Ramparts          Ice            0%         1d1       88%         3
 Ignite Poison            Fire/Tmut/Pois 0%         N/A       88%         3
 Ozocubu's Armour         Ice            0%         N/A       88%         3
 Spider Form              Tmut/Pois      0%         N/A       88%         3
 Swiftness                Air            0%         N/A       88%         3
 Vhi's Electric Charge    Tloc/Air       0%         N/A       88%         3
 Anguish                  Hex/Necr       0%         N/A       99%         4
 Animate Dead             Necr           0%         N/A       99%         4
 Fulminant Prism          Conj/Hex       0%         3d5       99%         4
 Ice Form                 Ice/Tmut       0%         N/A       99%         4
 Petrify                  Tmut/Erth      0%         N/A       99%         4
 Sticky Flame             Conj/Fire      0%         2d3       99%         4
 Summon Ice Beast         Ice/Summ       0%         N/A       99%         4
 Summon Lightning Spire   Summ/Air       0%         N/A       99%         4
 Alistair's Intoxication  Tmut/Pois      0%         N/A       100%        5
 Freezing Cloud           Conj/Ice/Air   0%         6-21      100%        5
 Metabolic Englaciation   Hex/Ice        0%         N/A       100%        5
 Simulacrum               Ice/Necr       0%         N/A       100%        6
 Enfeeble                 Hex            0%         N/A       100%        7
 Haunt                    Necr/Summ      0%         N/A       100%        7
 Storm Form               Tmut/Air       0%         N/A       100%        7
 Ignition                 Fire           0%         3d3       100%        8
 Infestation              Necr           0%         N/A       100%        8
 Maxwell's Capacitive Co  Air            0%         ∞         100%        8


Dungeon Overview and Level Annotations

Branches:
Dungeon (15/15)            Temple (1/1) D:5            Lair (5/5) D:11
 Shoals (0/4) Lair:3        Snake (4/4) Lair:3        Slime (0/5) Lair:5
    Orc (2/2) D:12            Elf (0/3) Orc:2        Vaults (0/5) D:13
 Depths (0/4) D:15          Sewer (visited)          Bailey (visited)
  IceCv (visited)         Volcano (visited)

Altars:
Ashenzari
Cheibriados
Dithmenos
Fedhas
Gozag
Hepliaklqana
Makhleb
Nemelex Xobeh
Okawaru
Qazlal
Sif Muna
Trog
Uskayaw
Vehumet
Wu Jian
Xom
Yredelemnul

Shops:
D:2 *   D:4 *   D:13 *   Orc:2 =*?*   Snake:3 [**[((*

Annotations:
D:10 1 runed translucent door
Temple 2 transporters


Innate Abilities, Weirdness & Mutations

Your life essence is reduced to manifest your ancestor. (-10% HP)
You have a pair of large horns on your head.
You are mostly covered in icy blue scales. (AC +3)
Your demonic aura causes all spilled blood to erupt in flames.
You are resistant to unholy torment.
You punish those that try to bend your will. (Will+)


Message History

You block the naga warrior's attack. The salamander closely misses you.
The naga warrior roars a battlecry!
The nagas go into a battle-frenzy!
The naga warrior roars a battlecry!
The naga warrior goes into a battle-frenzy!
The guardian serpent barely misses you.
There is an open door, spattered with blood here.
You hit the guardian serpent but do no damage.
You headbutt the guardian serpent.
The guardian serpent is lightly wounded.
You are no longer firmly anchored in space.
You block the naga warrior's attack. The salamander completely misses you.
You block the guardian serpent's attack.
The naga warrior hits you with a +0 halberd!!
The naga warrior grabs you. The naga warrior constricts you.
Unknown command.
As you read the scroll of teleportation, it crumbles to dust.
You feel strangely unstable. The guardian serpent barely misses you.
The salamander hits you from afar with a +0 glaive!
You are engulfed in flames.
You resist.
* * * LOW HITPOINT WARNING * * *
The naga warrior hits you from afar with a +0 halberd!
* * * LOW HITPOINT WARNING * * *
The naga warrior barely misses you. The naga warrior constricts you.
* * * LOW HITPOINT WARNING * * *
Unknown command.
You feel much better.
The guardian serpent completely misses you.
The salamander closely misses you. You block the naga warrior's attack.
The guardian serpent hits you!
* * * LOW HITPOINT WARNING * * *
You block the naga warrior's attack. The naga warrior constricts you.
* * * LOW HITPOINT WARNING * * *
Unknown command.
The naga warrior's grasp on you weakens, but your attempt to escape fails.
The guardian serpent is engulfed in blazing flames.
You block the guardian serpent's attack.
The naga warrior hits you from afar with a +0 halberd!!!
You die...

#.......###..#####
.............#.#.#.
..................
...........#.#.#
#.............
#.........#<#.#.
#.#....NNN........
#.#...○NSNN)#
#.#...#@####N.N...
#.#...#○...# .#.#.
#.....#....# #
##...#######...
##...###### ..#
##....##...# ..#
##....###.!.###..
##.....##....##..#
##....##......##..#


You could see 3 naga warriors, 2 salamanders, a guardian serpent and a naga
(strong).

Vanquished Creatures
  Vashnia (Snake:3)
  Jorgrun (D:15)
  Kirke (Snake:2)
  A nagaraja (Snake:4)
  2 frost giants (IceCv)
  3 orc warlords
  A stone giant (D:15)
  The ghost of mandoloar the Martial Artist, a journeyman OpTm of Cheibriados (Lair:4)
  A white draconian (IceCv)
  Snorg (D:13)
  An ettin (Orc:2)
  Fannar (Orc:1)
  A fire dragon (D:13)
  6 ironbound frosthearts (IceCv)
  The ghost of Haiq the Summoner, a journeyman MfSu of Kikubaaqudgha (D:11)
  7 hydras
  2 ogre magi
  2 boulder beetles (D:13)
  An ice dragon (IceCv)
  2 catoblepae
  8 centaur warriors
  9 two-headed ogres
  A deep troll shaman (Lair:5)
  11 anacondas
  3 death yaks (Lair:5)
  4 tengu warriors (D:15)
  Sonja (Orc:1)
  9 naga sharpshooters
  6 naga warriors
  7 shock serpents
  3 skysharks
  Amaemon (Lair:3)
  A hell knight (Volcano)
  3 skeletal warriors (D:12)
  2 salamander mystics (Snake:3)
  The ghost of mandoloar the Sneak, a novice OpTm of Cheibriados (D:7)
  4 naga ritualists
  An orange crystal statue (IceCv)
  A lindwurm (Lair:5)
  2 deep elf pyromancers
  7 orc knights
  9 salamanders
  A wolf spider (D:13)
  32 ugly things
  6 mana vipers
  8 cyclopes
  2 orc sorcerers (Orc:1)
  2 manticores
  2 ice statues (D:14)
  Maurice (D:8)
  37 black mambas
  10 elephants
  13 slime creatures
  4 guardian serpents
  8 cane toads
  13 naga magi
  2 gargoyles
  A cane toad (shapeshifter) (D:14)
  16 rime drakes
  An efreet (D:14)
  An orange demon (Lair:3)
  An unseen horror (D:11)
  15 komodo dragons
  A tengu conjurer (D:15)
  A burning bush (Lair:4)
  7 trolls
  A hornet (D:15)
  22 polar bears
  Grinder (D:6)
  Prince Ribbit (D:8)
  6 blink frogs
  A wraith (D:13)
  A water elemental (D:14)
  58 yaks
  2 shadows
  A fire elemental (D:15)
  7 hogs (Snake:2)
  3 neqoxecs (D:11)
  4 vampire mosquitoes
  4 basilisks
  A steam dragon (D:9)
  32 nagas
  5 wargs
  4 acid dragons
  25 water moccasins
  60 orc warriors
  4 hell hounds
  A sky beast (D:7)
  A boulder beetle simulacrum (Lair:4)
  6 ogres
  2 black bears
  2 black mamba simulacra (Lair:4)
  A wolf (shapeshifter) (D:15)
  15 wolves
  10 centaurs
  A kobold brigand (D:7)
  13 bullfrogs
  2 gnoll sergeants
  8 scorpions
  3 wights (D:9)
  A howler monkey (D:7)
  An electric eel (D:14)
  4 quasits (D:11)
  5 jellies
  2 komodo dragon simulacra (Lair:4)
  2 hounds (D:5)
  13 orc priests
  2 gnoll boudas
  2 sleepcaps
  4 iguanas
  14 orc wizards
  2 hell rats (Lair:1)
  20 gnolls
  9 river rats
  13 adders
  A shadow imp (D:5)
  3 ufetubi
  4 worms
  A dart slug (D:2)
  97 orcs
  13 ball pythons
  14 endoplasms
  15 giant cockroaches
  14 goblins
  11 hobgoblins
  18 kobolds
  11 quokkas
  6 bats
  5 frilled lizards
  A goblin skeleton (D:5)
  3 goblin zombies (D:5)
  2 hobgoblin zombies (D:5)
  2 kobold zombies (D:5)
  An orc skeleton (D:5)
  An orc zombie (D:5)
  4 rats
  A butterfly (D:10)
  5 spectral weapons
951 creatures vanquished.

Vanquished Creatures (collateral kills)
  A nagaraja (Snake:4)
  Azrael (D:15)
  A dire elephant (Lair:5)
  A hydra (D:15)
  2 anacondas
  A naga warrior (Snake:3)
  2 naga sharpshooters (Snake:3)
  2 skeletal warriors (D:12)
  3 ugly things
  2 elephants
  2 naga magi
  A black mamba (Snake:1)
  A gargoyle (D:12)
  A rime drake (IceCv)
  An efreet (D:14)
  A hornet (D:8)
  A slime creature (D:12)
  5 yaks
  A catoblepas simulacrum (Lair:4)
  A naga (Snake:3)
  3 orc warriors
  A black bear (Lair:1)
  An ice beast (D:6)
  An ogre (Orc:1)
  A centaur (D:15)
  2 scorpions (D:10)
  A howler monkey (D:7)
  An orc priest (D:11)
  An orc wizard (D:9)
  2 gnolls (D:9)
  13 orcs
  2 giant cockroaches (D:10)
  A goblin (D:7)
  2 kobolds
  A butterfly (D:10)
64 creatures vanquished.

Vanquished Creatures (others)
  A naga (Snake:4)
  21 hexers
  2 ancestors (D:7)
  13 fungi
  74 plants
  35 spectral weapons
146 creatures vanquished.

Grand Total: 1161 creatures vanquished

Notes
Turn   | Place    | Note
-------+----------+-------------------------------------------
     0 | D:1      | Demosthentine the Demonspawn Gladiator began the quest for
                  | the Orb.
     0 | D:1      | Reached XP level 1. HP: 16/16 MP: 1/1
   295 | D:1      | Gained mutation: You have a pair of small horns on your
                  | head. [demonic ancestry]
   295 | D:1      | Reached XP level 2. HP: 22/22 MP: 2/2
   531 | D:1      | You fall into a shaft and drop 1 floor!
   534 | D:2      | Found Idaymiho's Assorted Antiques.
   584 | D:2      | Bought an inky potion for 26 gold pieces
   584 | D:2      | Bought a ruby potion for 26 gold pieces
  1117 | D:2      | Reached skill level 1 in Armour
  1165 | D:2      | Gained mutation: You have a pair of horns on your head.
                  | [demonic ancestry]
  1165 | D:2      | Reached XP level 3. HP: 28/28 MP: 3/3
  1699 | D:2      | Bought a scroll labelled QUDUAD DERYCIADD for 29 gold
                  | pieces
  1699 | D:2      | Bought an inky potion for 26 gold pieces
  1699 | D:2      | Bought a scroll labelled BIORESMEPI for 29 gold pieces
  1746 | D:3      | Gained mutation: You have a pair of large horns on your
                  | head. [demonic ancestry]
  1746 | D:3      | Reached XP level 4. HP: 34/34 MP: 4/4
  1856 | D:3      | Reached skill level 3 in Fighting
  2198 | D:4      | Identified the +1 war axe of Fuabeoff {elec, rCorr Dex+5}
  2204 | D:4      | Found Xaqotwuh's General Store.
  2210 | D:4      | Bought a potion of curing for 36 gold pieces
  2295 | D:4      | Reached XP level 5. HP: 41/41 MP: 5/5
  2511 | D:4      | Reached XP level 6. HP: 47/47 MP: 6/6
  2948 | D:4      | Bought a scroll of identify for 24 gold pieces
  2973 | D:5      | Entered Level 5 of the Dungeon
  3095 | D:5      | Found a staircase to the Ecumenical Temple.
  3106 | Temple   | Entered the Ecumenical Temple
  3106 | Temple   | Found a transporter.
  3106 | Temple   | Found a transporter.
  3112 | Temple   | Found a transporter.
  3112 | Temple   | Found a transporter.
  3129 | Temple   | Became a worshipper of Hepliaklqana the Forgotten
  3253 | D:5      | Reached skill level 4 in Fighting
  3266 | D:5      | Found a glowing drain.
  3286 | Sewer    | Entered a sewer
  3380 | Sewer    | Found a viscous altar of Jiyva.
  3384 | Sewer    | Gained mutation: You are partially covered in icy blue
                  | scales. (AC +2) [demonic ancestry]
  3384 | Sewer    | Reached XP level 7. HP: 51/54 MP: 7/7
  4069 | D:6      | Reached * piety under Hepliaklqana
  4234 | D:6      | Reached skill level 5 in Fighting
  4234 | D:6      | Reached skill level 5 in Polearms
  4234 | D:6      | Reached skill level 5 in Dodging
  4234 | D:6      | Reached XP level 8. HP: 55/55 MP: 8/8
  4264 | D:6      | Found a shimmering blue altar of Sif Muna.
  4279 | D:6      | Noticed Grinder
  4285 | D:6      | Paralysed by Grinder for 3 turns
  4288 | D:6      | Killed Grinder
  4749 | D:7      | Found a runed translucent door.
  4873 | D:7      | Found a flagged portal.
  4902 | Bailey   | Entered a bailey
  4907 | Bailey   | Reached ** piety under Hepliaklqana
  4932 | Bailey   | Remembered your ancestor Nolwazi as a hexer
  4943 | Bailey   | Noticed an orc knight
  4962 | Bailey   | Killed an orc knight
  4963 | Bailey   | Reached skill level 6 in Fighting
  4963 | Bailey   | Reached skill level 5 in Armour
  4963 | Bailey   | Gained mutation: Your demonic aura sometimes causes spilled
                  | blood to erupt in flames. [demonic ancestry]
  4963 | Bailey   | Reached XP level 9. HP: 55/62 MP: 9/9
  5723 | D:7      | Reached skill level 7 in Fighting
  6020 | D:7      | Noticed mandoloar's ghost (novice OpTm)
  6142 | D:7      | Killed mandoloar's ghost
  6163 | D:8      | Reached skill level 1 in Invocations
  6163 | D:8      | Gained mutation: Your demonic aura often causes spilled
                  | blood to erupt in flames. [demonic ancestry]
  6163 | D:8      | Reached XP level 10. HP: 67/71 MP: 10/10
  6422 | D:8      | Noticed Prince Ribbit
  6426 | D:8      | Killed Prince Ribbit
  6440 | D:8      | Reached *** piety under Hepliaklqana
  6444 | D:8      | Found an opulent altar of Gozag.
  6508 | D:8      | Noticed Maurice
  6512 | D:8      | Killed Maurice
  7090 | D:9      | Reached skill level 8 in Fighting
  7471 | D:9      | Reached skill level 5 in Invocations
  7634 | D:10     | Entered Level 10 of the Dungeon
  7766 | D:10     | Reached XP level 11. HP: 78/78 MP: 15/15
  7810 | D:10     | Reached skill level 9 in Fighting
  7982 | D:10     | Found a runed translucent door.
  7984 | D:10     | Found a runed translucent door.
  8372 | D:11     | Found a staircase to the Lair.
  8414 | D:11     | Noticed Haiq's ghost (journeyman MfSu)
  8424 | D:11     | Found a transporter.
  8459 | D:11     | Found a transporter.
  8473 | D:11     | Reached **** piety under Hepliaklqana
  8923 | D:11     | Killed Haiq's ghost
  8995 | D:12     | Noticed a skeletal warrior
  8995 | D:12     | Noticed a skeletal warrior
  8995 | D:12     | Noticed a skeletal warrior
  8995 | D:12     | Noticed a skeletal warrior
  8996 | D:12     | Noticed a skeletal warrior
  9150 | D:12     | Reached skill level 10 in Fighting
  9191 | D:12     | Found a staircase to the Orcish Mines.
  9339 | D:12     | Gained mutation: Your demonic aura causes all spilled blood
                  | to erupt in flames. [demonic ancestry]
  9339 | D:12     | Reached XP level 12. HP: 87/87 MP: 18/18
  9592 | D:12     | Reached skill level 10 in Polearms
  9610 | D:12     | Reached skill level 10 in Dodging
  9874 | D:12     | Reached skill level 10 in Invocations
 10207 | D:13     | Found Atuaw's Demolitions Depot.
 10346 | D:13     | Reached ***** piety under Hepliaklqana
 10378 | D:13     | Found a gate to the Vaults.
 10419 | D:13     | Noticed a boulder beetle
 10447 | D:13     | Killed a boulder beetle
 10471 | D:13     | Noticed a five-headed hydra
 10477 | D:13     | Killed a five-headed hydra
 10478 | D:13     | Reached skill level 11 in Fighting
 10499 | D:13     | Noticed a catoblepas
 10509 | D:13     | Killed a catoblepas
 10533 | D:13     | Noticed Snorg
 10539 | D:13     | Killed Snorg
 10581 | D:13     | Found a runed translucent door.
 10581 | D:13     | Found a runed translucent door.
 10581 | D:13     | Noticed a centaur warrior
 10587 | D:13     | Killed a centaur warrior
 11135 | D:13     | Noticed a centaur warrior
 11142 | D:13     | Noticed a fire dragon
 11144 | D:13     | Killed a centaur warrior
 11145 | D:13     | Gained mutation: You punish those that try to bend your
                  | will. (Will+) [demonic ancestry]
 11145 | D:13     | Reached XP level 13. HP: 80/95 MP: 21/21
 11153 | D:13     | Killed a fire dragon
 11220 | D:13     | Identified the staff of poison "Nuanuna" {rPois rN+ rCorr
                  | Str+3}
 11267 | D:13     | Identified the amulet of Ashenzari, Writhing {rElec rC++
                  | Regen+ Str+2 Int-4}
 11274 | D:13     | Identified the +0 leather armour of the Trombone {*Corrode
                  | rF+ Dex+3}
 11275 | D:13     | Identified the +2 helmet of Fuzzy the Good {Fly rPois Will+
                  | Dex+2}
 11456 | D:14     | Found the +2 shield of Resistance {rF++ rC++ Will++}
 11461 | D:14     | Found a frozen archway.
 11576 | IceCv    | Entered an ice cave
 11621 | IceCv    | Reached skill level 1 in Shields
 11829 | IceCv    | Reached skill level 12 in Fighting
 12101 | IceCv    | Noticed a white draconian
 12110 | IceCv    | Killed a white draconian
 12147 | IceCv    | Noticed a frost giant
 12147 | IceCv    | Noticed a frost giant
 12158 | IceCv    | Reached XP level 14. HP: 88/103 MP: 24/24
 12166 | IceCv    | Killed a frost giant
 12184 | IceCv    | Killed a frost giant
 12239 | IceCv    | Got the Teachings on the Variable Atmosphere
 12240 | IceCv    | Identified the ring of Voelirul {rC+ Dex+2}
 12249 | IceCv    | Identified the +10 battleaxe "Paceul" {protect, Contam
                  | rElec rF+ Str+8}
 12929 | D:14     | Found a broken altar of Ashenzari.
 13403 | D:15     | Entered Level 15 of the Dungeon
 13551 | D:15     | Reached skill level 5 in Shields
 13688 | D:15     | Reached skill level 13 in Fighting
 13978 | D:15     | Noticed Jorgrun
 13989 | D:15     | Killed Jorgrun
 14275 | D:15     | Gained mutation: You are mostly covered in icy blue scales.
                  | (AC +3) [demonic ancestry]
 14275 | D:15     | Reached XP level 15. HP: 108/111 MP: 21/25
 14422 | D:15     | Found a staircase to the Depths.
 14496 | D:15     | Identified the +5 dagger of Mamaxef {venom, rElec rN+
                  | Dex+6}
 14577 | D:15     | Noticed Azrael
 14871 | D:15     | Killed Azrael
 15192 | Lair:1   | Entered Level 1 of the Lair of Beasts
 16896 | Lair:2   | Reached ****** piety under Hepliaklqana
 17532 | Lair:3   | Found a staircase to the Snake Pit.
 17872 | Lair:3   | Found a staircase to the Shoals.
 18152 | Lair:3   | Reached skill level 14 in Fighting
 18217 | Lair:3   | Found the +8 whip "Snakebite" {venom, curare, rPois}
 18269 | Lair:3   | Noticed Amaemon
 18277 | Lair:3   | Killed Amaemon
 18941 | Lair:4   | Noticed mandoloar's ghost (journeyman OpTm)
 19143 | Lair:4   | Found a runed translucent gate.
 19143 | Lair:4   | Found a runed translucent gate.
 19143 | Lair:4   | Found a runed translucent gate.
 19322 | Lair:4   | Killed mandoloar's ghost
 19457 | Lair:5   | Entered Level 5 of the Lair of Beasts
 19516 | Lair:5   | Found a dark tunnel.
 19524 | Volcano  | Entered a volcano
 19859 | Volcano  | Identified the +3 pair of boots "Yseahy" {rF+ rN+++ Str-2
                  | Int+2}
 20564 | Lair:5   | Reached XP level 16. HP: 120/120 MP: 24/26
 20831 | Lair:5   | Found a staircase to the Slime Pits.
 21331 | Lair:5   | Found the dreamshard necklace {*Dream Drain}
 21341 | Lair:5   | Identified the +7 short sword "Odehid" {venom, *Slow rF+++
                  | Str+3 Int-3}
 21850 | Snake:1  | Entered Level 1 of the Snake Pit
 22347 | Snake:1  | Reached skill level 15 in Fighting
 22367 | Snake:1  | You fall into a shaft and drop 1 floor!
 23162 | Snake:2  | Noticed Kirke
 23191 | Snake:2  | Killed Kirke
 24674 | Snake:3  | Noticed Vashnia
 24739 | Snake:3  | Killed Vashnia
 24740 | Snake:3  | Reached skill level 10 in Shields
 24796 | Snake:3  | Gained mutation: You are resistant to unholy torment.
                  | [demonic ancestry]
 24796 | Snake:3  | Reached XP level 17. HP: 102/127 MP: 19/27
 24988 | Snake:3  | Found Leom's Specific Store.
 24989 | Snake:3  | Found Ofonazau's General Store.
 24994 | Snake:3  | Bought a wand of mindburst (11) for 184 gold pieces
 24994 | Snake:3  | Bought a potion of curing for 36 gold pieces
 24994 | Snake:3  | Bought a scroll of magic mapping for 90 gold pieces
 25055 | Snake:3  | Found Ruarch Ekuqe's Armour Shop.
 25058 | Snake:3  | Bought a +0 cloak of preservation for 172 gold pieces
 25510 | Snake:3  | Found Wusmaog's Weapon Shoppe.
 25513 | Snake:3  | Found Haducw Jipe's Assorted Antiques.
 25513 | Snake:3  | Found Wykaisesch's Armour Emporium.
 25534 | Snake:3  | Found Fecoolio's Antique Weapon Emporium.
 25614 | Snake:3  | Bought a +0 buckler for 58 gold pieces
 25630 | Snake:3  | Bought a scroll of teleportation for 120 gold pieces
 26501 | Orc:1    | Entered Level 1 of the Orcish Mines
 26562 | Orc:1    | Noticed Fannar
 26570 | Orc:1    | Killed Fannar
 26717 | Orc:2    | Entered Level 2 of the Orcish Mines
 26780 | Orc:2    | Reached skill level 16 in Fighting
 26788 | Orc:2    | Found a staircase to the Elven Halls.
 26796 | Orc:1    | Noticed Sonja
 26825 | Orc:1    | Killed Sonja
 27071 | Orc:1    | Reached skill level 15 in Polearms
 27539 | Orc:2    | Reached skill level 15 in Dodging
 27570 | Orc:2    | Found Teagen's General Store.
 27570 | Orc:2    | Found Ahapeoxi's Magic Scroll Boutique.
 27824 | Orc:2    | Bought a scroll of teleportation for 51 gold pieces
 27824 | Orc:2    | Bought a scroll of teleportation for 51 gold pieces
 27867 | Orc:2    | Found Yfrulics's Assorted Antiques.
 27946 | Orc:2    | Bought a scroll of brand weapon for 313 gold pieces
 27946 | Orc:2    | Bought 2 scrolls of enchant armour for 495 gold pieces
 27950 | Orc:2    | Found Jeumoisch's Jewellery Boutique.
 28814 | Snake:4  | Entered Level 4 of the Snake Pit
 29134 | Snake:4  | Mangled by a naga warrior

Illustrated notes

Levels and vault maps discovered:
D:1:      evilmike_arrival_plus, layout_basic
D:2:      minmay_evil_eye, layout_basic, serial_shops, shop,
          guppyfry_early_orc_mine
D:3:      layout_rooms
D:4:      layout_loops_ring, serial_shops, shop, serial_bayou_pond_c,
          minivault_19, hangedman_decor_opposing
D:5:      layout_basic, nicolae_tso_besieged_by_evil, temple_fountains,
          gup_sewer_entry_pipe, minmay_misc_feat_nine_boxes,
          hangedman_decor_push
D:6:      layout_rooms, mainiacjoe_overflow_alcove_1, serial_rivers,
          chequers_serial_rivers_room_b, chequers_serial_rivers_micro_b,
          chequers_serial_rivers_large_a, chequers_serial_rivers_small_3,
          chequers_serial_rivers_room_b, chequers_serial_rivers_large_b,
          kennysheep_generic_room_12, uniq_grinder
D:7:      layout_loops_corners, ebering_ghost_reflecting_pool, enter_bailey_4
D:8:      layout_basic, grunt_gozag_statues, due_unseen_surprise, uniq_maurice,
          uniq_prince_ribbit1
D:9:      layout_basic, serial_park_tiny_pond
D:10:     lemuel_insect_pit, layout_cave_pools, kennysheep_crisscross,
          minmay_circle_x
D:11:     layout_loops_ring, lair_entry_dummy, gammafunk_ghost_stat_death,
          st_stairs_14, nicolae_benzene_ring
D:12:     layout_gridville, erik_orc_3
D:13:     minmay_the_grid_triangle_9x9_rhombus_full
          [minmay_the_grid_triangle_9x9_windchime,
          minmay_the_grid_triangle_9x9_odd_lines,
          minmay_the_grid_triangle_9x9_corruption,
          minmay_the_grid_triangle_9x9_empty,
          minmay_the_grid_triangle_9x9_swiss_cheese,
          minmay_the_grid_triangle_9x9_flanged_cone,
          minmay_the_grid_triangle_9x9_tough_junction,
          minmay_the_grid_triangle_9x9_prize_insulated], layout_basic,
          nicolae_blasting_shop, uniq_snorg
D:14:     layout_gridville, portal_ice_cave_entry_ice_statue_two,
          chequers_big_river, st_stairs_9, ashenzari_conservatory_becter
D:15:     grunt_enter_depths_snipers, layout_long_grid,
          ebering_dispersal_statue_hall, grunt_potential, uniq_jorgrun,
          uniq_azrael
Temple:   hellmonk_temple_divided_pantheon
Lair:1:   layout_hall_layers, kennysheep_rathole
Lair:2:   layout_chaotic_city
Lair:3:   minmay_guarded_unrand_snakebite, layout_cave_pods,
          minmay_shoals_entry_centaurs, guppyfry_snake_entry_island,
          beast_lair_carwin_6, uniq_amaemon
Lair:4:   layout_hall_layers, gammafunk_ghost_icy, evilmike_ambush
          [evilmike_ambush_outer_basic, evilmike_ambush_inner_pond]
Lair:5:   grunt_lair_end_beastmaster, layout_small_grid, slime_entry_1,
          lightli_volcano_entry_magma_tube, grunt_megastairs_1
Snake:1:  layout_layer_cave
Snake:2:  layout_chambers, nicolae_snake_snakes_in_the_grass,
          nicolae_triple_integral, grunt_megastairs_4, uniq_kirke
Snake:3:  layout_misc_corridors, serial_shops,
          nicolae_shop_tiny_real_fake_doors, nicolae_specific_store,
          nicolae_snake_gridmaze_spiral, minmay_shoptagon, uniq_vashnia
Snake:4:  minmay_snake_end_coiled, layout_cave_town, grunt_ministairs_11,
          st_stairs_9, hangedman_snake_corridor_cut
Orc:1:    layout_diamond_mine, uniq_fannar, uniq_sonja
Orc:2:    st_orc_town, layout_caves

Skill      XL: |  1  2  3  4  5  6  7  8  9 10 11 12 13 14 15 16 17 |
---------------+----------------------------------------------------+-----
Polearms       | 3 4 5 6 7 8 9 10 11 12 13 14 15 | 15.2
Dodging        | 3 4 5 6 7 8 9 10 11 12 13 14 15 | 15.2
Armour         | 1 2 3 4 5 6 |  6.4
Fighting       | 3 4 5 6 7 8 10 11 12 13 14 15 16 | 16.3
Invocations    | 1 5 8 11 13 14 | 14.1
Shields        | 3 6 8 10 11 | 11.0
Throwing       | |  1.7

Action                     |  1- 3 |  4- 6 |  7- 9 | 10-12 | 13-15 | 16-18 || total
---------------------------+-------+-------+-------+-------+-------+-------++-------
  Melee: Trident           |   121 |   173 |   173 |   485 |   728 |   802 ||  2482
         Headbutt          |    10 |    19 |    31 |   103 |   203 |   140 ||   506
  Throw: Throwing net      |     1 |       |       |     4 |     1 |       ||     6
 Invoke: Ancestor Life: He |       |       |     1 |       |       |       ||     1
         Ancestor Identity |       |       |     1 |       |       |       ||     1
    Use: Scroll            |     7 |     8 |     5 |     7 |    12 |     5 ||    44
         Potion            |       |       |     2 |     4 |     2 |     6 ||    14
   Stab: Sleeping          |     1 |     2 |       |       |     4 |     3 ||    10
         Distracted        |       |       |     7 |    12 |    14 |    20 ||    53
         Confused          |       |       |     4 |    16 |    14 |    14 ||    48
         Held in net/web   |       |       |       |     4 |     2 |       ||     6
         Paralysed         |       |       |       |       |    41 |    38 ||    79
 Armour: Leather armour    |    21 |    14 |    15 |    36 |    61 |    14 ||   161
         Troll leather arm |       |       |       |       |       |    71 ||    71
  Dodge: Dodged            |    74 |    86 |    80 |   199 |   265 |   320 ||  1024
  Block: Buckler           |       |       |       |       |       |    59 ||    59

Table legend: (Time is in decaauts)
 A = Elapsed time spent in this place.
 B = Non-inter-level travel time spent in this place.
 C = Inter-level travel time spent in this place.
 D = Time resting spent in this place.
 E = Time spent auto-exploring this place.
 F = Levels seen in this place.
 G = Mean time per level.
                   A        B        C        D        E       F      G
               +--------+--------+--------+--------+--------+-----+--------+
         Total |  28675 |  26194 |   2481 |    438 |  20405 |  31 |  925.0 |
       Dungeon |  14105 |  12833 |   1272 |    287 |   9947 |  15 |  940.3 |
        Temple |     40 |     40 |      0 |      0 |      0 |   1 |   40.0 |
          Lair |   5884 |   5223 |    661 |     35 |   4300 |   5 | 1176.8 |
     Snake Pit |   4788 |   4292 |    496 |     95 |   3546 |   4 | 1197.0 |
  Orcish Mines |   1748 |   1698 |     50 |      0 |   1319 |   2 |  874.0 |
         Sewer |    294 |    294 |      0 |      0 |    132 |   1 |  294.0 |
        Bailey |    527 |    527 |      0 |     21 |    297 |   1 |  527.0 |
      Ice Cave |    875 |    875 |      0 |      0 |    546 |   1 |  875.0 |
       Volcano |    411 |    411 |      0 |      0 |    318 |   1 |  411.0 |
               +--------+--------+--------+--------+--------+-----+--------+

Top non-repeatable levels by time:
  Lair:5: 1753 daAuts
 Snake:2: 1637 daAuts
 Snake:1: 1517 daAuts
  Lair:3: 1473 daAuts
    D:15: 1426 daAuts
    D:13: 1369 daAuts
 Snake:3: 1341 daAuts
    D:14: 1297 daAuts
    D:12: 1209 daAuts
   Orc:2: 1109 daAuts
     D:7: 1057 daAuts
     D:2: 1037 daAuts
  Lair:1: 1013 daAuts
     D:8: 1001 daAuts
  Lair:2: 939 daAuts
